Map: Abyssal Reef LE

Players

Chen - Winner!

  • Race: Terran Terran
  • League: Diamond
  • Spawn Location: 5:00

Coolsea

  • Race: Zerg Zerg
  • League: Gold
  • Spawn Location: 11:00

VOD

Have the link to the VOD?

Description

Time

  • Played on: Sept. 3, 2017, 12:27 a.m.
  • Length: 8:41
Show
View Real Time Build Order
Export as new Build Order

Chen Terran - Winner!

Build Orders: Reaper Expand, MMM Bio 

Get SALT Encoding   

  12  0:01  SCV  
  13  0:13  SCV  
  14  0:17  Supply Depot  
  14  0:25  SCV  
  15  0:39  Barracks, SCV  
  16  0:44  Refinery  
  16  0:51  SCV  
  17  1:03  SCV  
  18  1:15  SCV  
  19  1:26  Reaper  
  19  1:28  Orbital Command  
  20  1:43  Command Center  
  20  1:56  Barracks  
  20  1:57  SCV  
  21  2:01  Barracks Reactor  
  21  2:09  Refinery  
  21  2:11  SCV  
  22  2:17  Supply Depot  
  22  2:23  SCV  
  23  2:39  SCV  
  23  2:40  Marine x2, Factory  
  26  2:47  Barracks Tech Lab  
  26  2:56  Orbital Command  
  26  2:57  SCV  
  27  3:09  Stimpack, Marine x3, SCV  
  31  3:21  SCV  
  31  3:23  SCV  
  31  3:26  Factory Reactor  
  33  3:29  Starport  
  33  3:30  Marine  
  33  3:32  Marine  
  33  3:33  SCV  
  36  3:35  Marine  
  37  3:44  SCV  
  37  3:45  Supply Depot, SCV  
  39  3:50  Marine x2  
  39  3:53  Marine  
  42  3:57  SCV  
  42  4:02  Supply Depot  
  43  4:03  SCV  
  43  4:09  Marine x2, SCV  
  47  4:10  Marine  
  47  4:12  Medivac x2  
  47  4:15  Factory Reactor  
  52  4:19  Refinery  
  52  4:24  SCV x2  
  52  4:27  Marine x2  
  52  4:30  Supply Depot  
  56  4:33  Marine  
  56  4:38  SCV x2  
  59  4:44  Marine  
  59  4:45  Marine  
  61  4:51  SCV  
  61  4:52  SCV  
  63  4:53  Medivac  
  63  4:54  Medivac, Marine  
  63  4:55  Widow Mine  
  70  5:12  Supply Depot x2  
  70  5:15  Engineering Bay  
  70  5:23  Engineering Bay  
  70  5:33  Marine x3, SCV x2, Widow Mine  
  73  5:48  SCV x2  
  74  5:51  Marine x3  
  74  5:53  Command Center  
  74  5:57  Terran Infantry Armor Level 1, Terran Infantry Weapons Level 1  
  77  6:00  SCV  
  78  6:07  SCV  
  78  6:09  Marine x3  
  82  6:12  SCV  
  83  6:20  SCV  
  83  6:22  Barracks  
  83  6:23  Barracks x2  
  83  6:24  SCV  
  83  6:25  Supply Depot  
  85  6:26  Supply Depot  
  85  6:27  Marine  
  85  6:28  Marine x2  
  85  6:32  SCV  
  89  6:43  Widow Mine x2  
  89  6:44  Marine  
  89  6:46  Medivac x2, Marine x2  
  90  7:02  Marine  
  90  7:04  Marine x2  
  93  7:09  SCV  
  93  7:12  Armory  
  93  7:13  Barracks Tech Lab x3  
  93  7:14  Combat Shields  
  94  7:20  Marine  
  94  7:22  Marine x2  
  97  7:32  Concussive Shells  
  97  7:33  Marauder  
  97  7:34  Marauder x2, SCV  
  97  7:35  SCV  
  105  7:37  Orbital Command  
  105  7:38  Marine  
  105  7:40  Marine x2  
  106  7:46  SCV  
  106  7:47  SCV  
  108  7:56  Marine  
  108  7:57  Supply Depot  
  108  7:58  Marauder x2, Supply Depot  
  113  7:59  Supply Depot, SCV x2  
  115  8:11  SCV  
  106  8:20  Marine x2  
Show
View Real Time Build Order
Export as new Build Order

Coolsea Zerg 

Build Orders: Hatch First 

Get SALT Encoding   

  12  0:01  Drone  
  13  0:17  Drone, Overlord  
  14  0:37  Drone x2  
  14  0:40  Drone  
  17  0:56  Hatchery  
  16  0:59  Drone  
  16  1:03  Drone  
  18  1:05  Extractor  
  17  1:14  Drone  
  18  1:24  Spawning Pool  
  17  1:34  Drone x2  
  19  1:43  Drone  
  20  1:54  Overlord  
  20  2:12  Spine Crawler  
  20  2:13  Queen  
  21  2:20  Queen  
  23  2:47  Drone x3  
  26  2:54  Drone x3  
  29  3:05  Overlord  
  29  3:08  Spine Crawler  
  28  3:13  Overlord  
  28  3:17  Metabolic Boost  
  28  3:28  Zergling x4  
  28  3:34  Drone x6  
  36  3:49  Roach Warren  
  35  3:57  Overlord x3  
  35  3:58  Overlord  
  35  4:02  Drone x3  
  38  4:13  Extractor  
  37  4:25  Drone x6  
  43  4:38  Roach x5  
  53  4:50  Extractor  
  52  4:59  Evolution Chamber  
  51  5:00  Drone x3, Evolution Chamber  
  51  5:01  Drone x2  
  51  5:03  Roach x3  
  61  5:10  Roach  
  61  5:11  Roach x3  
  62  5:43  Zerg Missile Weapons Level 1  
  62  5:52  Overlord x4  
  62  5:59  Queen  
  64  6:09  Roach  
  66  6:11  Overlord x3  
  66  6:13  Roach x2  
  70  6:22  Evolution Chamber  
  69  6:35  Roach x6  
  66  7:03  Roach x7  
  66  7:04  Roach  
  82  7:16  Spore Crawler  
  82  7:19  Drone x4, Spore Crawler  
  78  7:58  Spore Crawler, Roach x4  
  83  7:59  Roach x4  
Tags
 
Add a new tag
Caveats
  • Supply blocks, unpowered buildings, or Contaminate may cause inaccurate times.
  • Supply counts are checked every 10 seconds.